[ AOE2 MATCH · #470406593 ]
UnrankedCumans vs Khmer
[ REPLAY ANALYSIS · EXTRACTED FROM THE RECORDED GAME ]
Feudal
9:31
Castle
24:28
Imperial
38:53
| APM avg | 40.6 |
| APM peak | 71 |
| eAPM avg | 26.7 |
| Villagers / military | 173 / 304 |
Focus
⚔️ 42.6% · 🌾 57.4%
Skirmisher ×124 · Knight ×57 · Scout Cavalry ×54 · Battering Ram ×25 · Kipchak ×24 · Scorpion ×11
Feudal
8:51
Castle
41:13
Imperial
44:24
| APM avg | 26.1 |
| APM peak | 100 |
| eAPM avg | 18.9 |
| Villagers / military | 100 / 97 |
Focus
⚔️ 19.2% · 🌾 80.8%
Scorpion ×80 · Trade Cart ×62 · Battering Ram ×17
Feudal
12:09
Castle
22:19
Imperial
41:13
| APM avg | 29.4 |
| APM peak | 68 |
| eAPM avg | 16.9 |
| Villagers / military | 109 / 138 |
Focus
⚔️ 41.1% · 🌾 58.9%
Militia ×68 · Spearman ×25 · Skirmisher ×17 · Warrior Priest ×14 · Mangonel ×6 · Battering Ram ×5
Feudal
10:31
Castle
14:09
Imperial
33:50
| APM avg | 65.5 |
| APM peak | 107 |
| eAPM avg | 49.3 |
| Villagers / military | 186 / 543 |
Focus
⚔️ 56.9% · 🌾 43.1%
Archer ×260 · Berserk ×115 · Battering Ram ×48 · Skirmisher ×40 · Knight ×30 · Scout Cavalry ×21
Match map
Initial resources + every placement click. Lines = walls · curves = elevation contours. ◆ gold · ⬟ stone · ● berries · ✦ relic · ◌ wall gap
Your base· ✓ Closed at 24:28 · 2t walls · 3 gate(s)
JESUS_is_SAVIOR3's base· ✓ Closed at 41:13 · 0t walls · 5 gate(s)
EmmonsLiu's base· ✓ Closed at 22:19 · 0t walls · 3 gate(s)
Trazbon's base· ✓ Closed at 14:09 · 8t walls · 3 gate(s)
Smoothed initial terrain · ◌ = detected wall gap · hover for details
Inputs per minute
— YeMannn - - JESUS_is_SAVIOR3
Build order — YeMannn
First 150 of 689 actions detected
| 0:01 | Create | Villager (Male) |
| 0:01 | Create | Villager (Male) |
| 0:03 | Build | House |
| 0:09 | Build | House |
| 0:15 | Create | Villager (Male) |
| 0:15 | Create | Villager (Male) |
| 1:24 | Create | Villager (Male) |
| 2:10 | Create | Villager (Male) |
| 2:12 | Create | Villager (Male) |
| 2:23 | Build | Lumber Camp |
| 2:53 | Create | Villager (Male) |
| 3:14 | Build | House |
| 3:36 | Create | Villager (Male) |
| 3:36 | Create | Villager (Male) |
| 3:37 | Create | Villager (Male) |
| 3:53 | Create | Villager (Male) |
| 3:54 | Create | Villager (Male) |
| 4:17 | Create | Villager (Male) |
| 4:47 | Create | Villager (Male) |
| 4:54 | Create | Villager (Male) |
| 4:57 | Build | Mill |
| 5:55 | Create | Villager (Male) |
| 6:01 | Create | Villager (Male) |
| 6:11 | Create | Villager (Male) |
| 6:12 | Create | Villager (Male) |
| 6:23 | Create | Villager (Male) |
| 6:24 | Create | Villager (Male) |
| 6:55 | Research | Loom |
| 6:57 | Research | Feudal Age |
| 7:04 | Build | Mining Camp |
| 7:51 | Create | Villager (Male) |
| 7:51 | Create | Villager (Male) |
| 8:12 | Build | Mining Camp |
| 8:31 | Build | House |
| 9:31 | Age | Feudal Age |
| 9:32 | Build | Blacksmith |
| 9:34 | Build | House |
| 9:45 | Build | Watch Tower |
| 9:50 | Create | Villager (Male) |
| 10:09 | Create | Villager (Male) |
| 10:10 | Research | Double-Bit Axe |
| 10:15 | Build | House |
| 10:21 | Create | Villager (Male) |
| 10:43 | Create | Villager (Male) |
| 10:52 | Research | Fletching |
| 11:09 | Build | Palisade Wall |
| 11:10 | Build | Palisade Wall |
| 11:32 | Build | Siege Workshop |
| 11:40 | Create | Villager (Male) |
| 11:40 | Create | Villager (Male) |
| 12:10 | Create | Villager (Male) |
| 12:21 | Create | Battering Ram |
| 12:30 | Create | Villager (Male) |
| 12:36 | Build | House |
| 12:37 | Build | House |
| 12:39 | Build | House |
| 12:57 | Build | Watch Tower |
| 12:59 | Create | Battering Ram |
| 13:09 | Create | Villager (Male) |
| 13:36 | Create | Battering Ram |
| 14:05 | Build | Watch Tower |
| 14:10 | Build | House |
| 14:21 | Create | Villager (Male) |
| 14:21 | Create | Villager (Male) |
| 14:23 | Create | Villager (Male) |
| 15:13 | Create | Villager (Male) |
| 15:13 | Create | Villager (Male) |
| 15:14 | Create | Villager (Male) |
| 15:39 | Build | Town Center |
| 15:52 | Create | Villager (Male) |
| 16:31 | Build | Farm |
| 16:31 | Build | Farm |
| 16:32 | Build | Farm |
| 16:32 | Build | Farm |
| 16:32 | Build | Farm |
| 16:34 | Research | Horse Collar |
| 16:35 | Create | Villager (Male) |
| 16:35 | Create | Villager (Male) |
| 17:05 | Build | Farm |
| 17:06 | Build | Farm |
| 17:10 | Build | Farm |
| 17:12 | Build | Farm |
| 17:25 | Create | Villager (Male) |
| 17:26 | Create | Villager (Male) |
| 17:41 | Create | Villager (Male) |
| 17:42 | Create | Villager (Male) |
| 17:47 | Build | Farm |
| 17:52 | Build | Farm |
| 17:55 | Build | Farm |
| 18:03 | Create | Villager (Male) |
| 18:07 | Create | Villager (Male) |
| 18:27 | Create | Villager (Male) |
| 18:31 | Create | Villager (Male) |
| 18:38 | Create | Villager (Male) |
| 18:40 | Build | Farm |
| 18:42 | Build | Farm |
| 18:45 | Build | Farm |
| 18:47 | Build | Farm |
| 18:51 | Create | Villager (Male) |
| 18:56 | Build | Farm |
| 19:02 | Build | House |
| 19:03 | Build | House |
| 19:21 | Create | Villager (Male) |
| 19:22 | Create | Villager (Male) |
| 19:25 | Build | Farm |
| 19:28 | Create | Villager (Male) |
| 19:30 | Build | Farm |
| 19:38 | Build | Farm |
| 19:54 | Create | Villager (Male) |
| 19:57 | Build | Farm |
| 19:59 | Build | Farm |
| 20:05 | Build | House |
| 20:06 | Create | Villager (Male) |
| 20:32 | Build | Farm |
| 20:36 | Create | Villager (Male) |
| 20:50 | Build | Farm |
| 21:07 | Create | Villager (Male) |
| 21:07 | Create | Villager (Male) |
| 21:14 | Create | Villager (Male) |
| 21:15 | Create | Villager (Male) |
| 21:37 | Build | Farm |
| 21:37 | Build | Farm |
| 21:48 | Research | Castle Age |
| 21:54 | Research | Wheelbarrow |
| 22:09 | Build | Farm |
| 22:13 | Build | Farm |
| 22:15 | Build | Farm |
| 22:17 | Build | Farm |
| 22:21 | Create | Villager (Male) |
| 22:32 | Build | Lumber Camp |
| 22:49 | Build | Barracks |
| 22:55 | Create | Villager (Male) |
| 22:55 | Create | Villager (Male) |
| 23:07 | Research | Scale Barding Armor |
| 23:07 | Research | Forging |
| 23:09 | Create | Villager (Male) |
| 23:10 | Create | Villager (Male) |
| 23:13 | Create | Villager (Male) |
| 23:25 | Create | Battering Ram |
| 23:32 | Create | Villager (Male) |
| 23:40 | Build | Lumber Camp |
| 23:48 | Create | Villager (Male) |
| 23:59 | Build | Stable |
| 24:02 | Create | Villager (Male) |
| 24:05 | Create | Villager (Male) |
| 24:06 | Create | Villager (Male) |
| 24:18 | Build | House |
| 24:19 | Build | House |
| 24:21 | Build | House |
| 24:23 | Build | House |
Build order — JESUS_is_SAVIOR3
First 150 of 448 actions detected
| 0:01 | Create | Villager (Male) |
| 0:01 | Create | Villager (Male) |
| 0:02 | Build | House |
| 0:03 | Build | House |
| 0:19 | Create | Villager (Male) ×2 |
| 0:19 | Create | Villager (Male) ×2 |
| 1:37 | Create | Villager (Male) |
| 1:37 | Create | Villager (Male) |
| 1:57 | Create | Villager (Male) |
| 2:10 | Create | Villager (Male) |
| 2:52 | Create | Villager (Male) |
| 2:54 | Create | Villager (Male) |
| 3:26 | Build | House |
| 3:27 | Build | House |
| 3:30 | Create | Villager (Male) |
| 3:30 | Create | Villager (Male) |
| 3:55 | Create | Villager (Male) |
| 4:20 | Build | Lumber Camp |
| 4:30 | Create | Villager (Male) |
| 4:30 | Create | Villager (Male) |
| 4:37 | Create | Villager (Male) |
| 5:22 | Create | Villager (Male) |
| 5:23 | Create | Villager (Male) |
| 5:23 | Create | Villager (Male) |
| 5:35 | Create | Villager (Male) |
| 5:35 | Create | Villager (Male) |
| 5:53 | Create | Villager (Male) |
| 5:53 | Create | Villager (Male) |
| 6:30 | Research | Feudal Age |
| 7:50 | Create | Villager (Male) |
| 7:59 | Build | Lumber Camp |
| 8:38 | Build | Mill |
| 8:48 | Create | Villager (Male) |
| 8:51 | Age | Feudal Age |
| 9:01 | Create | Villager (Male) |
| 9:03 | Research | Double-Bit Axe |
| 9:06 | Create | Villager (Male) |
| 9:13 | Research | Horse Collar |
| 9:21 | Create | Villager (Male) |
| 9:27 | Build | House |
| 9:28 | Build | House |
| 9:35 | Build | Gate |
| 9:51 | Build | Gate |
| 9:52 | Build | House |
| 9:58 | Create | Villager (Male) |
| 10:10 | Build | Farm |
| 10:11 | Build | Farm |
| 10:12 | Build | Farm |
| 10:23 | Build | House |
| 10:24 | Build | House |
| 10:42 | Build | House |
| 10:43 | Build | House |
| 10:54 | Build | House |
| 10:55 | Create | Villager (Male) |
| 10:58 | Research | Town Watch |
| 11:18 | Build | Farm |
| 11:22 | Build | Market |
| 11:28 | Create | Villager (Male) |
| 11:34 | Build | House |
| 11:36 | Build | House |
| 11:51 | Research | Wheelbarrow |
| 12:42 | Build | Lumber Camp |
| 12:47 | Create | Villager (Male) |
| 12:50 | Create | Villager (Male) |
| 13:24 | Build | Lumber Camp |
| 13:49 | Create | Villager (Male) |
| 14:10 | Build | Farm |
| 14:22 | Build | House |
| 14:59 | Build | House |
| 15:34 | Build | Farm |
| 15:35 | Build | Farm |
| 15:36 | Build | Farm |
| 15:48 | Build | Farm |
| 16:22 | Build | Town Center |
| 16:27 | Build | House |
| 16:44 | Build | Farm |
| 16:50 | Build | House |
| 16:57 | Build | Farm |
| 17:16 | Build | Farm |
| 17:17 | Create | Villager (Male) |
| 17:17 | Create | Villager (Male) |
| 17:18 | Create | Villager (Male) |
| 17:20 | Build | Farm |
| 17:21 | Create | Villager (Male) |
| 17:30 | Build | House |
| 17:34 | Build | House |
| 17:52 | Build | Farm |
| 18:05 | Create | Villager (Male) |
| 18:13 | Build | Market |
| 18:15 | Create | Villager (Male) |
| 18:23 | Build | House |
| 18:24 | Build | House |
| 19:06 | Create | Trade Cart |
| 19:10 | Create | Villager (Male) |
| 19:15 | Build | Farm |
| 19:17 | Build | Farm |
| 19:30 | Create | Villager (Male) |
| 19:36 | Build | House |
| 19:36 | Build | House |
| 19:39 | Build | House |
| 19:42 | Create | Trade Cart |
| 19:50 | Build | Farm |
| 19:52 | Build | Farm |
| 20:08 | Build | House |
| 20:10 | Build | House |
| 20:11 | Build | House |
| 20:14 | Create | Villager (Male) |
| 20:18 | Create | Trade Cart |
| 20:20 | Create | Villager (Male) |
| 20:32 | Build | Farm |
| 20:35 | Create | Villager (Male) |
| 20:45 | Build | House |
| 20:46 | Build | House |
| 20:48 | Build | House |
| 20:48 | Build | House |
| 20:56 | Build | Farm |
| 21:01 | Create | Trade Cart |
| 21:05 | Create | Villager (Male) |
| 21:13 | Build | House |
| 21:14 | Build | House |
| 21:35 | Build | Farm |
| 21:43 | Create | Villager (Male) |
| 21:52 | Build | Market |
| 21:58 | Build | House |
| 21:59 | Build | House |
| 22:00 | Create | Villager (Male) |
| 22:18 | Create | Villager (Male) |
| 22:26 | Create | Villager (Male) |
| 22:38 | Build | Farm |
| 22:39 | Build | Farm |
| 22:42 | Create | Trade Cart |
| 22:44 | Create | Villager (Male) |
| 22:52 | Build | House |
| 22:53 | Build | House |
| 22:53 | Build | House |
| 22:56 | Build | House |
| 23:07 | Create | Trade Cart |
| 23:21 | Build | Lumber Camp |
| 23:46 | Build | House |
| 23:47 | Build | House |
| 23:48 | Create | Villager (Male) |
| 23:49 | Create | Trade Cart |
| 24:02 | Create | Trade Cart |
| 24:08 | Create | Villager (Male) |
| 24:12 | Build | Lumber Camp |
| 24:28 | Create | Trade Cart |
| 24:32 | Create | Villager (Male) |
| 24:37 | Build | House |
| 24:38 | Build | House |
| 24:39 | Build | House |
Build order — EmmonsLiu
First 150 of 367 actions detected
| 0:02 | Create | Villager (Male) |
| 0:03 | Create | Villager (Male) |
| 0:03 | Create | Villager (Male) |
| 0:04 | Build | House |
| 0:06 | Build | House |
| 0:21 | Create | Villager (Male) |
| 1:36 | Create | Villager (Male) |
| 1:36 | Create | Villager (Male) |
| 2:17 | Create | Villager (Male) |
| 2:17 | Create | Villager (Male) |
| 2:33 | Create | Villager (Male) |
| 2:33 | Create | Villager (Male) |
| 3:15 | Create | Villager (Male) |
| 3:15 | Create | Villager (Male) |
| 3:26 | Build | Mule Cart |
| 4:04 | Create | Villager (Male) |
| 4:04 | Create | Villager (Male) |
| 4:10 | Build | House |
| 4:16 | Create | Villager (Male) |
| 4:16 | Create | Villager (Male) |
| 5:03 | Create | Villager (Male) |
| 5:03 | Create | Villager (Male) |
| 5:06 | Build | Mill |
| 5:24 | Create | Villager (Male) |
| 5:36 | Create | Villager (Male) |
| 6:10 | Create | Villager (Male) |
| 6:23 | Build | House |
| 6:32 | Build | Mule Cart |
| 6:49 | Create | Villager (Male) |
| 6:50 | Create | Villager (Male) |
| 7:01 | Create | Villager (Male) |
| 7:02 | Create | Villager (Male) |
| 7:27 | Create | Villager (Male) |
| 7:27 | Create | Villager (Male) |
| 7:39 | Build | Barracks |
| 8:43 | Build | House |
| 8:44 | Build | House |
| 9:07 | Create | Villager (Male) |
| 9:32 | Build | Farm |
| 9:59 | Research | Feudal Age |
| 10:22 | Create | Militia |
| 10:22 | Create | Militia |
| 10:23 | Create | Militia |
| 10:23 | Create | Militia |
| 10:51 | Create | Militia |
| 10:51 | Create | Militia |
| 10:51 | Create | Militia |
| 11:03 | Build | Farm |
| 11:21 | Create | Militia |
| 11:21 | Create | Militia |
| 11:44 | Create | Villager (Male) |
| 11:48 | Create | Militia |
| 11:49 | Create | Militia |
| 12:09 | Age | Feudal Age |
| 12:10 | Research | Man-at-Arms (upgrade) |
| 12:22 | Build | Farm |
| 12:23 | Build | Farm |
| 12:24 | Create | Villager (Male) |
| 12:33 | Build | Blacksmith |
| 12:38 | Build | House |
| 12:40 | Build | House |
| 12:46 | Build | Farm |
| 12:46 | Create | Villager (Male) |
| 12:47 | Create | Villager (Male) |
| 12:57 | Create | Militia |
| 13:23 | Build | Farm |
| 13:28 | Build | Farm |
| 13:31 | Research | Long Swordsman (upgrade) |
| 13:51 | Create | Militia |
| 13:51 | Create | Militia |
| 13:51 | Create | Militia |
| 14:15 | Research | Scale Mail Armor |
| 14:36 | Create | Villager (Male) |
| 14:42 | Build | House |
| 15:05 | Create | Spearman |
| 15:10 | Create | Villager (Male) |
| 15:11 | Create | Villager (Male) |
| 15:53 | Build | Farm |
| 15:53 | Create | Villager (Male) |
| 16:28 | Create | Militia |
| 16:28 | Create | Militia |
| 16:29 | Create | Militia |
| 16:29 | Create | Militia |
| 16:47 | Build | Farm |
| 16:48 | Build | Farm |
| 16:50 | Build | Farm |
| 16:51 | Build | Farm |
| 16:52 | Build | Farm |
| 16:53 | Build | Farm |
| 16:54 | Build | Farm |
| 16:55 | Build | Farm |
| 18:17 | Build | Market |
| 18:18 | Create | Villager (Male) |
| 18:19 | Create | Villager (Male) |
| 18:25 | Research | Double-Bit Axe |
| 18:59 | Research | Horse Collar |
| 19:33 | Create | Villager (Male) |
| 19:39 | Research | Castle Age |
| 19:44 | Build | Mule Cart |
| 20:02 | Create | Spearman |
| 20:03 | Research | Pikeman (upgrade) |
| 20:14 | Build | Barracks |
| 20:50 | Create | Spearman |
| 20:50 | Create | Spearman |
| 20:50 | Create | Spearman |
| 20:51 | Create | Spearman |
| 20:51 | Create | Spearman |
| 22:04 | Research | Gold Mining |
| 22:05 | Research | Stone Mining |
| 22:19 | Age | Castle Age |
| 22:24 | Research | Two-Handed Swordsman (upgrade) |
| 22:25 | Research | Gambesons |
| 22:26 | Research | Squires |
| 22:31 | Create | Villager (Male) |
| 22:31 | Create | Villager (Male) |
| 23:20 | Build | Monastery |
| 23:39 | Build | House |
| 23:50 | Create | Villager (Male) |
| 23:50 | Create | Villager (Male) |
| 24:25 | Build | Farm |
| 24:30 | Create | Villager (Male) |
| 24:30 | Create | Villager (Male) |
| 24:36 | Build | Town Center |
| 24:39 | Create | Warrior Priest |
| 24:39 | Create | Warrior Priest |
| 25:12 | Research | Halberdier (upgrade) |
| 25:22 | Create | Spearman |
| 25:22 | Create | Spearman |
| 25:22 | Create | Spearman |
| 25:37 | Create | Villager (Male) |
| 25:37 | Create | Villager (Male) |
| 25:47 | Build | House |
| 25:48 | Build | House |
| 26:07 | Research | Chain Mail Armor |
| 26:09 | Create | Warrior Priest |
| 26:19 | Research | Wheelbarrow |
| 26:23 | Research | Heavy Plow |
| 27:15 | Create | Spearman |
| 27:16 | Create | Spearman |
| 27:16 | Create | Spearman |
| 27:16 | Create | Spearman |
| 27:51 | Create | Villager (Male) |
| 27:51 | Create | Villager (Male) |
| 28:43 | Create | Villager (Male) |
| 28:43 | Create | Villager (Male) |
| 28:45 | Create | Villager (Male) |
| 28:45 | Create | Villager (Male) |
| 28:46 | Create | Villager (Male) |
| 28:46 | Create | Villager (Male) |
| 28:46 | Create | Villager (Male) |
Build order — Trazbon
First 150 of 687 actions detected
| 0:00 | Create | Villager (Male) |
| 0:01 | Create | Villager (Male) |
| 0:01 | Create | Villager (Male) |
| 0:02 | Build | House |
| 0:03 | Build | House |
| 0:12 | Create | Villager (Male) |
| 1:11 | Create | Villager (Male) |
| 1:45 | Create | Villager (Male) |
| 1:49 | Build | Lumber Camp |
| 2:28 | Create | Villager (Male) |
| 2:48 | Create | Villager (Male) |
| 3:06 | Create | Villager (Male) |
| 3:44 | Create | Villager (Male) |
| 3:44 | Create | Villager (Male) |
| 3:50 | Build | House |
| 4:05 | Create | Villager (Male) |
| 4:05 | Create | Villager (Male) |
| 4:15 | Create | Villager (Male) |
| 4:24 | Create | Villager (Male) |
| 4:38 | Build | Mill |
| 4:55 | Create | Villager (Male) |
| 5:00 | Create | Villager (Male) |
| 5:12 | Create | Villager (Male) |
| 5:27 | Build | House |
| 5:48 | Create | Villager (Male) |
| 6:10 | Create | Villager (Male) |
| 6:16 | Create | Villager (Male) |
| 6:57 | Create | Villager (Male) |
| 7:09 | Create | Villager (Male) |
| 7:15 | Build | Mining Camp |
| 8:15 | Research | Feudal Age |
| 8:30 | Build | Farm |
| 8:39 | Build | Barracks |
| 8:45 | Build | House |
| 8:49 | Build | Palisade Wall |
| 8:59 | Create | Villager (Male) |
| 8:59 | Research | Loom |
| 10:10 | Build | Palisade Wall |
| 10:31 | Age | Feudal Age |
| 10:32 | Build | Blacksmith |
| 10:34 | Build | Stable |
| 10:40 | Build | Archery Range |
| 10:48 | Build | Palisade Wall |
| 10:48 | Build | Palisade Wall |
| 10:49 | Build | Palisade Wall |
| 10:55 | Create | Villager (Male) |
| 11:03 | Build | House |
| 11:29 | Research | Castle Age |
| 11:29 | Research | Castle Age |
| 12:06 | Create | Villager (Male) |
| 12:13 | Research | Double-Bit Axe |
| 12:13 | Research | Double-Bit Axe |
| 12:32 | Research | Horse Collar |
| 12:34 | Build | Farm |
| 12:35 | Build | Farm |
| 12:58 | Build | House |
| 12:58 | Create | Villager (Male) |
| 13:22 | Create | Archer |
| 13:28 | Create | Villager (Male) |
| 13:39 | Build | House |
| 13:50 | Create | Archer |
| 13:54 | Build | Lumber Camp |
| 13:58 | Build | Stable |
| 14:01 | Create | Villager (Male) |
| 14:05 | Research | Scale Barding Armor |
| 14:08 | Create | Archer |
| 14:09 | Age | Castle Age |
| 14:17 | Build | Stable |
| 14:50 | Create | Archer |
| 14:54 | Create | Villager (Male) |
| 15:11 | Build | Town Center |
| 15:14 | Create | Villager (Male) |
| 15:19 | Create | Knight |
| 15:25 | Create | Archer |
| 15:40 | Build | Farm |
| 15:41 | Create | Villager (Male) |
| 15:56 | Build | Farm |
| 16:19 | Build | Farm |
| 16:28 | Create | Villager (Male) |
| 16:32 | Build | Farm |
| 16:35 | Build | Farm |
| 16:55 | Create | Villager (Male) |
| 16:55 | Create | Villager (Male) |
| 17:03 | Build | Farm |
| 17:15 | Create | Archer |
| 17:15 | Create | Archer |
| 17:16 | Create | Villager (Male) |
| 17:22 | Build | Farm |
| 17:22 | Build | Farm |
| 17:29 | Create | Knight |
| 17:33 | Create | Knight |
| 17:37 | Create | Archer |
| 17:38 | Create | Villager (Male) |
| 17:40 | Create | Villager (Male) |
| 17:40 | Create | Villager (Male) |
| 17:40 | Create | Villager (Male) |
| 17:52 | Build | Farm |
| 17:54 | Build | House |
| 17:57 | Build | House |
| 18:01 | Build | House |
| 18:02 | Build | House |
| 18:02 | Build | House |
| 18:03 | Build | House |
| 18:07 | Create | Villager (Male) |
| 18:16 | Create | Archer |
| 18:17 | Create | Archer |
| 18:18 | Create | Villager (Male) |
| 18:24 | Create | Knight |
| 18:24 | Create | Knight |
| 18:26 | Create | Archer |
| 18:37 | Build | Archery Range |
| 18:45 | Create | Villager (Male) |
| 18:45 | Create | Villager (Male) |
| 18:45 | Create | Villager (Male) |
| 18:52 | Create | Villager (Male) |
| 18:54 | Create | Villager (Male) |
| 18:58 | Build | Market |
| 19:01 | Create | Villager (Male) |
| 19:02 | Build | House |
| 19:03 | Build | House |
| 19:08 | Create | Knight |
| 19:19 | Research | Fletching |
| 19:19 | Research | Fletching |
| 19:23 | Create | Archer |
| 19:24 | Create | Archer |
| 19:32 | Create | Villager (Male) |
| 19:32 | Create | Villager (Male) |
| 19:36 | Create | Villager (Male) |
| 19:37 | Create | Villager (Male) |
| 19:38 | Create | Archer |
| 19:43 | Create | Archer |
| 19:49 | Research | Crossbowman (upgrade) |
| 20:02 | Create | Archer |
| 20:02 | Create | Archer |
| 20:02 | Create | Archer |
| 20:07 | Create | Archer |
| 20:17 | Build | Farm |
| 20:18 | Build | Farm |
| 20:19 | Build | Farm |
| 20:20 | Build | Farm |
| 20:35 | Create | Villager (Male) |
| 20:36 | Create | Villager (Male) |
| 20:41 | Build | Town Center |
| 20:42 | Create | Archer |
| 20:43 | Create | Archer |
| 20:51 | Create | Knight |
| 21:11 | Create | Villager (Male) |
| 21:16 | Create | Villager (Male) |
| 21:23 | Create | Villager (Male) |
| 21:27 | Build | Mining Camp |
Match timeline
| 7:39 | EmmonsLiu · first_building Barracks |
| 8:39 | Trazbon · first_building Barracks |
| 8:49 | Trazbon · wall_segment Palisade Wall x4 |
| 8:51 | JESUS_is_SAVIOR3 · age_up feudal |
| 9:31 | YeMannn · age_up feudal |
| 10:10 | Trazbon · wall_segment Palisade Wall x1 |
| 10:31 | Trazbon · age_up feudal |
| 10:34 | Trazbon · first_building Stable |
| 10:40 | Trazbon · first_building Archery Range |
| 10:48 | Trazbon · wall_segment Palisade Wall x1 |
| 10:48 | Trazbon · wall_segment Palisade Wall x1 |
| 10:49 | Trazbon · wall_segment Palisade Wall x1 |
| 11:09 | YeMannn · wall_segment Palisade Wall x1 |
| 11:10 | YeMannn · wall_segment Palisade Wall x1 |
| 11:32 | YeMannn · first_building Siege Workshop |
| 12:09 | EmmonsLiu · age_up feudal |
| 12:56 | JESUS_is_SAVIOR3 · tribute_sent a jugador 1 |
| 12:56 | JESUS_is_SAVIOR3 · tribute_sent a jugador 3 |
| 12:56 | JESUS_is_SAVIOR3 · tribute_sent a jugador 4 |
| 14:09 | Trazbon · age_up castle |
| 17:24 | JESUS_is_SAVIOR3 · tribute_sent a jugador 1 |
| 17:24 | JESUS_is_SAVIOR3 · tribute_sent a jugador 3 |
| 17:24 | JESUS_is_SAVIOR3 · tribute_sent a jugador 4 |
| 18:47 | JESUS_is_SAVIOR3 · tribute_sent a jugador 1 |
| 18:47 | JESUS_is_SAVIOR3 · tribute_sent a jugador 3 |
| 18:47 | JESUS_is_SAVIOR3 · tribute_sent a jugador 4 |
| 19:36 | EmmonsLiu · first_market_buy 100 food |
| 19:48 | Trazbon · first_market_buy 100 food |
| 20:17 | JESUS_is_SAVIOR3 · first_market_sell 100 food |
| 22:07 | JESUS_is_SAVIOR3 · tribute_sent a jugador 1 |
| 22:07 | JESUS_is_SAVIOR3 · tribute_sent a jugador 3 |
| 22:07 | JESUS_is_SAVIOR3 · tribute_sent a jugador 4 |
| 22:19 | EmmonsLiu · age_up castle |
| 22:37 | Trazbon · first_building Monastery |
| 22:40 | Trazbon · first_building Siege Workshop |
| 22:49 | YeMannn · first_building Barracks |
| 23:20 | EmmonsLiu · first_building Monastery |
| 23:59 | YeMannn · first_building Stable |
| 24:19 | Trazbon · first_market_sell 100 wood |
| 24:28 | YeMannn · age_up castle |
| 25:05 | EmmonsLiu · first_market_sell 100 wood |
| 25:25 | JESUS_is_SAVIOR3 · tribute_sent a jugador 1 |
| 25:25 | JESUS_is_SAVIOR3 · tribute_sent a jugador 3 |
| 25:25 | JESUS_is_SAVIOR3 · tribute_sent a jugador 4 |
| 26:06 | JESUS_is_SAVIOR3 · tribute_sent a jugador 1 |
| 26:06 | JESUS_is_SAVIOR3 · tribute_sent a jugador 3 |
| 26:06 | JESUS_is_SAVIOR3 · tribute_sent a jugador 4 |
| 28:10 | JESUS_is_SAVIOR3 · tribute_sent a jugador 1 |
| 28:10 | JESUS_is_SAVIOR3 · tribute_sent a jugador 3 |
| 28:10 | JESUS_is_SAVIOR3 · tribute_sent a jugador 4 |
| 29:10 | JESUS_is_SAVIOR3 · tribute_sent a jugador 1 |
| 29:10 | JESUS_is_SAVIOR3 · tribute_sent a jugador 3 |
| 29:10 | JESUS_is_SAVIOR3 · tribute_sent a jugador 4 |
| 29:32 | EmmonsLiu · first_building Archery Range |
| 29:42 | JESUS_is_SAVIOR3 · tribute_sent a jugador 1 |
| 29:42 | JESUS_is_SAVIOR3 · tribute_sent a jugador 3 |
| 29:42 | JESUS_is_SAVIOR3 · tribute_sent a jugador 4 |
| 30:48 | JESUS_is_SAVIOR3 · tribute_sent a jugador 1 |
| 30:48 | JESUS_is_SAVIOR3 · tribute_sent a jugador 3 |
| 30:48 | JESUS_is_SAVIOR3 · tribute_sent a jugador 4 |
| 31:30 | JESUS_is_SAVIOR3 · tribute_sent a jugador 1 |
| 31:30 | JESUS_is_SAVIOR3 · tribute_sent a jugador 3 |
| 31:30 | JESUS_is_SAVIOR3 · tribute_sent a jugador 4 |
| 32:27 | JESUS_is_SAVIOR3 · tribute_sent a jugador 1 |
| 32:27 | JESUS_is_SAVIOR3 · tribute_sent a jugador 3 |
| 32:27 | JESUS_is_SAVIOR3 · tribute_sent a jugador 4 |
| 32:46 | EmmonsLiu · first_building Castle |
| 33:50 | Trazbon · age_up imperial |
| 34:15 | JESUS_is_SAVIOR3 · tribute_sent a jugador 1 |
| 34:15 | JESUS_is_SAVIOR3 · tribute_sent a jugador 3 |
| 34:15 | JESUS_is_SAVIOR3 · tribute_sent a jugador 4 |
| 35:11 | JESUS_is_SAVIOR3 · tribute_sent a jugador 1 |
| 35:11 | JESUS_is_SAVIOR3 · tribute_sent a jugador 3 |
| 35:11 | JESUS_is_SAVIOR3 · tribute_sent a jugador 4 |
| 35:15 | EmmonsLiu · first_building Siege Workshop |
| 35:56 | JESUS_is_SAVIOR3 · tribute_sent a jugador 1 |
| 35:56 | JESUS_is_SAVIOR3 · tribute_sent a jugador 3 |
| 35:56 | JESUS_is_SAVIOR3 · tribute_sent a jugador 4 |
| 36:04 | YeMannn · first_building Castle |
| 36:33 | Trazbon · first_building Castle |
| 37:00 | YeMannn · first_building Monastery |
| 37:13 | JESUS_is_SAVIOR3 · tribute_sent a jugador 1 |
| 37:13 | JESUS_is_SAVIOR3 · tribute_sent a jugador 3 |
| 37:13 | JESUS_is_SAVIOR3 · tribute_sent a jugador 4 |
| 38:53 | YeMannn · age_up imperial |
| 38:58 | YeMannn · first_building Archery Range |
| 41:13 | JESUS_is_SAVIOR3 · age_up castle |
| 41:13 | EmmonsLiu · age_up imperial |
| 41:18 | JESUS_is_SAVIOR3 · first_building Castle |
| 41:57 | JESUS_is_SAVIOR3 · first_building Siege Workshop |
| 44:24 | JESUS_is_SAVIOR3 · age_up imperial |
| 49:26 | EmmonsLiu · first_building Stable |
| 50:02 | Trazbon · wall_segment Stone Wall x1 |
| 50:03 | Trazbon · wall_segment Stone Wall x1 |
| 50:04 | Trazbon · wall_segment Stone Wall x1 |
| 50:07 | Trazbon · wall_segment Stone Wall x1 |
| 50:08 | Trazbon · wall_segment Stone Wall x1 |
| 50:09 | Trazbon · wall_segment Stone Wall x1 |
| 52:44 | JESUS_is_SAVIOR3 · tribute_sent a jugador 1 |
| 52:44 | JESUS_is_SAVIOR3 · tribute_sent a jugador 3 |
| 52:45 | JESUS_is_SAVIOR3 · tribute_sent a jugador 4 |
| 54:19 | JESUS_is_SAVIOR3 · tribute_sent a jugador 1 |
| 54:19 | JESUS_is_SAVIOR3 · tribute_sent a jugador 3 |
| 54:19 | JESUS_is_SAVIOR3 · tribute_sent a jugador 4 |
| 54:57 | YeMannn · resign |
[ AI ANALYSIS · 1 CREDIT ]
What really happened in this match?
Wolo.gg analyzes every decision: build order, eco, micro, common mistakes by bracket. Personalized analysis on WhatsApp or Discord in 30 seconds.
Civ guide
Cumans
Perfil
Jugador #855377